 Dungeon Crawl Stone Soup version 0.18-a0-455-gc7d4c65 (webtiles) character file.

350 M4edhros the Sneak (level 6, -5/38 HPs)
             Began as an Octopode Artificer on Dec 1, 2015.
             Slain by Duvessa
             ... wielding a +0 short sword
              (14 damage)
             ... on level 5 of the Dungeon.
             The game lasted 00:03:30 (1646 turns).

M4edhros the Sneak (Octopode Artificer)             Turns: 1646, Time: 00:03:30

Health: -5/38      AC:  6    Str: 11      XL:     6   Next: 61%
Magic:  10/10      EV: 12    Int: 12 (16) God:
Gold:   74         SH:  0    Dex: 12      Spells: 0 memorised, 5 levels left

rFire  . . .     SeeInvis .     w - +2 flail (protect)
rCold  . . .     Clarity  .     (no shield)
rNeg   . . .     SustAt   .     (helmet restricted)
rPois  .         Gourm    .     (no amulet)
rElec  .         Spirit   .     (no ring)
rCorr  .         Dsmss    .     (no ring)
rMut   .         Stasis   .     (no ring)
MR     .....                    (no ring)
Stlth  +++++.....               (no ring)
                                (no ring)
                                (no ring)
                                (no ring)

@: not resistant to hostile enchantments, quite stealthy
A: almost no armour, amphibious, 8 rings, constrict 8, camouflage 1, gelatinous
body 1
a: no special abilities


You were on level 5 of the Dungeon.
You were hungry.

You visited 1 branch of the dungeon, and saw 5 of its levels.

You collected 74 gold pieces.

Inventory:

Hand Weapons
 a - a +0 short sword
 w - a +2 flail of protection (weapon)
Missiles
 j - 17 sling bullets
 q - a throwing net (quivered)
 r - 18 stones
Wands
 b - a wand of flame (6)
 c - a wand of enslavement (12)
 d - a wand of random effects (14)
 t - a wand of random effects (28)
 x - a wand of magic darts (18)
Scrolls
 g - 3 scrolls of identify {unknown}
 h - a scroll of remove curse {unknown}
 k - a scroll of amnesia {unknown}
 m - a scroll of magic mapping {unknown}
 n - a scroll of recharging {unknown}
 o - a scroll of teleportation {unknown}
 p - 2 scrolls of fear {unknown}
Potions
 f - a potion of curing
 i - a potion of heal wounds
Comestibles
 e - 3 bread rations
 l - a meat ration


   Skills:
 - Level 1.0 Fighting
 - Level 1.0 Short Blades
 - Level 2.0 Dodging
 + Level 6.4 Stealth
 + Level 6.2 Evocations


You had 5 spell levels left.
You didn't know any spells.

Dungeon Overview and Level Annotations

Branches:
Dungeon (5/15)
 Temple: D:4-7

Altars:

Annotations:
D:3 bli's ghost, amateur MfWz
D:5 Duvessa


Innate Abilities, Weirdness & Mutations

You cannot wear most types of armour.
You are amphibious.
You can wear up to eight rings at the same time.
You can use your tentacles to constrict eight enemies at once.
Your skin changes colour to match your surroundings (Stealth).
Your rubbery body absorbs attacks (AC +1).


Message History

You see here a ring mail.
You start resting.
Duvessa goes berserk!
Duvessa rages.
Duvessa is no longer moving quickly.
Duvessa is no longer charmed.
Duvessa hits you with a short sword!
Evoke which item? (* to show all) (? for menu, Esc to quit)
Zapping:
c - a wand of enslavement (14)
Press: ? - help, Shift-Dir - straight line, f - Duvessa
Aim: Duvessa, wielding a short sword (berserk, fast, unusually strong, chance to defeat MR: 41%) Duvessa resists with some effort.
This wand has 13 charges left.
Duvessa closely misses you. Duvessa hits you with a short sword.
* * * LOW HITPOINT WARNING * * *
Evoke which item? (* to show all) (? for menu, Esc to quit)
Zapping:
c - a wand of enslavement (13)
Press: ? - help, Shift-Dir - straight line, f/p - Duvessa
Aim: Duvessa, wielding a short sword (berserk, fast, unusually strong, chance to defeat MR: 41%) Duvessa resists with some effort.
This wand has 12 charges left.
Duvessa hits you with a short sword!
You die...

#..................
#..........##########
#..........##.......#
#...................#
#...#####'###......[#
###...##.....##.......#
..................<...#
......................#
...........[...e@.....#
.##...##.....##.......#
.##...##.....##########
.##....+......#
..'....#......#
..#....#......#
.##...##.....##
.###+######### ..#


You could see Duvessa (berserk).

Vanquished Creatures
  Edmund (D:4)
  An orc priest (D:4)
  Ijyb (D:2)
  An iguana (D:5)
  A centaur skeleton (D:5)
  An orc wizard (D:4)
  A hound zombie (D:4)
  2 adders (D:4)
  An ooze (D:3)
  An adder skeleton (D:4)
  2 orcs (D:4)
  A bat (D:1)
  A giant cockroach (D:4)
  5 hobgoblins
  3 jackals (D:2)
  2 kobolds (D:1)
  A quokka (D:2)
  2 giant gecko skeletons (D:4)
  A giant newt (D:2)
  2 goblins
  5 rats
36 creatures vanquished.

Vanquished Creatures (collateral kills)
  Dowan (D:5)
1 creature vanquished.

Grand Total: 37 creatures vanquished

Notes
Turn   | Place    | Note
--------------------------------------------------------------
     0 | D:1      | M4edhros the Octopode Artificer began the quest for the Orb.
     0 | D:1      | Reached XP level 1. HP: 13/13 MP: 3/3
   233 | D:1      | Reached XP level 2. HP: 18/18 MP: 4/4
   739 | D:2      | Noticed Ijyb
   748 | D:2      | Killed Ijyb
   748 | D:2      | Reached skill level 4 in Evocations
   748 | D:2      | Reached XP level 3. HP: 17/23 MP: 4/6
   794 | D:3      | Noticed bli's ghost (amateur MfWz)
  1043 | D:4      | Reached XP level 4. HP: 28/28 MP: 7/7
  1056 | D:4      | Noticed Edmund
  1068 | D:4      | Killed Edmund
  1068 | D:4      | Reached skill level 5 in Stealth
  1068 | D:4      | Reached skill level 5 in Evocations
  1068 | D:4      | Reached XP level 5. HP: 3/33 MP: 7/9
  1286 | D:4      | Reached XP level 6. HP: 23/38 MP: 10/10
  1547 | D:5      | Entered Level 5 of the Dungeon
  1578 | D:5      | Reached skill level 6 in Stealth
  1599 | D:5      | Noticed Dowan
  1601 | D:5      | Noticed Duvessa
  1623 | D:5      | Killed Dowan
  1646 | D:5      | Slain by Duvessa

Vault maps used:
D:1:      lightli_arrival_chessboard, serial_forest,
          infiniplex_forest_straight_1, infiniplex_forest_zigzag_1,
          infiniplex_forest_end_2, infiniplex_forest_lined_4_way,
          grunt_decor_arrowhead
D:2:      first_bread, uniq_iyjb
D:3:      elyvilon_altar_1, lemuel_doored_altar, minitemple,
          hangedman_decor_peaks_small, minmay_parallelograms
D:4:      minmay_opposing_rooms, overflow_temple_1_default,
          minmay_temple_entry_hall, nrook_uturn, uniq_edmund
D:5:      nemelex_deck, uniq_duvessa

Action                   |  1- 3 |  4- 6 || total
-------------------------+-------+-------++-------
Melee: Short sword       |    40 |     2 ||    42
       Flail             |       |    28 ||    28
Evoke: Wand              |       |    17 ||    17
  Use: Potion            |       |     9 ||     9
 Stab: Sleeping          |    13 |     4 ||    17
       Invisible         |       |     1 ||     1
  Eat: Chunk             |       |     2 ||     2
